 Dungeon Crawl Stone Soup version 0.25.1-2-g60ff931df9 (webtiles) character file.

Game seed: 16887405894782774868

116 DildoBatman the Conjurer (level 5, -2/35 HPs)
             Began as a Formicid Wizard on Sept 5, 2020.
             Slain by an orc priest
             ... wielding a +0 hand axe
              (8 damage)
             ... on level 4 of the Dungeon.
             The game lasted 00:06:18 (2754 turns).

DildoBatman the Conjurer (Formicid Wizard)          Turns: 2754, Time: 00:06:18

Health: -2/35      AC:  3    Str: 11    XL:     5   Next: 21%
Magic:  0/9        EV: 12    Int: 19    God:
Gold:   166        SH:  0    Dex:  9    Spells: 9/10 levels left

rFire    + . .     SeeInvis +   a - +0 hunting sling
rCold    + . .     Gourm    .   (no shield)
rNeg     . . .     Faith    .   m - +0 robe
rPois    .         Spirit   .   (helmet unavailable)
rElec    .         Reflect  .   l - scarf {rC+ rF+}
rCorr    .         Harm     .   s - +0 pair of gloves
MR       .....                  (no boots)
Stlth    ++........             (no amulet)
HPRegen  0.11/turn              j - ring of flight
MPRegen  0.11/turn              (no ring)

@: no status effects
A: permanent stasis, dig shafts and tunnels, four strong arms, antennae 3
a: Dig, Shaft Self, Evoke Flight


You were on level 4 of the Dungeon.
You were hungry.

You visited 1 branch of the dungeon, and saw 4 of its levels.

You collected 166 gold pieces.

Inventory:

Hand Weapons
 a - a +0 hunting sling (weapon)
 e - a +0 club
 n - a +1 whip of holy wrath
 t - a cursed +0 spear
Missiles
 b - 36 stones (quivered)
 f - 50 sling bullets
 g - 48 bolts
 o - 74 arrows
 q - 7 boomerangs
 u - 5 atropa-tipped darts
 y - 9 poisoned darts
Armour
 l - a scarf of resistance (worn)
 m - a +0 robe (worn)
 s - a +0 pair of gloves (worn)
Jewellery
 j - a ring of flight (left hand)
Wands
 w - a wand of acid (7)
 x - a wand of paralysis (10)
Scrolls
 c - a scroll of teleportation {unknown}
 d - 3 scrolls of identify {unknown}
 i - a scroll of enchant weapon {unknown}
 p - 2 scrolls of remove curse {unknown}
 r - a scroll of immolation {unknown}
Potions
 h - a potion of might {unknown}
 k - a potion of curing {unknown}
 z - a potion of stabbing {unknown}
Comestibles
 v - 8 rations


   Skills:
 - Level 1.7 Dodging
 - Level 2.4 Stealth
 - Level 3.2 Spellcasting
 * Level 4.2 Conjurations
   Level 1.0 Summonings
   Level 0.8 Translocations


You had 9 spell levels left.
You knew the following spells:

 Your Spells              Type           Power        Failure   Level  Hunger
c - Magic Dart            Conj           ###.         2%          1    None

Your spell library contained the following spells:

 Spells                   Type           Power        Failure   Level  Hunger
 Call Imp                 Summ           #.......     16%         2    ##.....
 Conjure Flame            Conj/Fire      ##......     19%         3    ###....
 Slow                     Hex            #.......     22%         2    ##.....
 Mephitic Cloud           Conj/Pois/Air  #.......     26%         3    ###....
 Blink                    Tloc           Unusable     N/A         2    N/A

Dungeon Overview and Level Annotations

Branches:
Dungeon (4/15)
 Temple: D:4-7

Altars:
Fedhas
Gozag
Sif Muna

Portals:
Abyss: D:3

Annotations:
D:1 1 exclusion
D:3 2 transporters, Teivard's ghost, amateur HuSk


Innate Abilities, Weirdness & Mutations

You cannot be hasted, slowed, berserked, paralysed or teleported.
You can dig through walls and to a lower floor.
Your four strong arms can wield two-handed weapons with a shield.
You have a pair of large antennae on your head. (SInv)


Message History

The orc priest is almost dead.
The orc priest looks braver for a moment.
Casting: Magic Dart (safe; 2% risk of failure)
Confirm with . or Enter, or press ? or * to list all spells.
Aiming: Magic Dart (safe; 2% risk of failure)
Press: ? - help, Shift-Dir - straight line, f/p - orc priest
Aim: an orc priest, wielding a +0 hand axe (almost dead)
The magic dart hits the orc priest but does no damage.
The orc priest is almost dead.
The orc priest invokes the aid of Beogh against you.
Beogh smites you!
Casting: Magic Dart (safe; 2% risk of failure)
Confirm with . or Enter, or press ? or * to list all spells.
Aiming: Magic Dart (safe; 2% risk of failure)
Press: ? - help, Shift-Dir - straight line, f/p - orc priest
Aim: an orc priest, wielding a +0 hand axe (almost dead)
The magic dart hits the orc priest.
The orc priest is almost dead.
The orc priest hits you with a +0 hand axe!
You die...

#+ #. #.# ##.##
##...##
{#.....#####.(.
#....@o).)..(
..#.###.#.#####...
..........#
######.### #.# { {
#.# #.# #.# #.#


You could see an orc priest.

Vanquished Creatures
  5 adders
  2 oozes
  A worm (D:3)
  A dart slug (D:1)
  3 leopard geckos
  5 orcs
  2 giant cockroaches
  5 goblins
  5 hobgoblins
  7 jackals
  A ball python (D:1)
  7 bats
  3 frilled lizards (D:2)
  2 rats
49 creatures vanquished.

Vanquished Creatures (others)
  An ooze (D:1)
  A kobold (D:1)
2 creatures vanquished.

Grand Total: 51 creatures vanquished

Notes
Turn   | Place    | Note
-------+----------+-------------------------------------------
     0 | D:1      | DildoBatman the Formicid Wizard began the quest for the
                  | Orb.
     0 | D:1      | Reached XP level 1. HP: 13/13 MP: 4/4
    20 | D:1      | Reached skill level 1 in Conjurations
    37 | D:1      | Found a blossoming altar of Fedhas.
   163 | D:1      | Reached XP level 2. HP: 14/19 MP: 0/6
   254 | D:1      | Reached skill level 2 in Conjurations
   634 | D:1      | Reached XP level 3. HP: 24/24 MP: 0/7
  1288 | D:2      | Reached skill level 3 in Conjurations
  1785 | D:2      | Reached XP level 4. HP: 25/30 MP: 4/8
  1871 | D:3      | Found an opulent altar of Gozag.
  2100 | D:3      | Reached skill level 4 in Conjurations
  2100 | D:3      | Reached XP level 5. HP: 35/35 MP: 0/9
  2287 | D:3      | Found a shimmering blue altar of Sif Muna.
  2373 | D:3      | Found a transporter.
  2379 | D:3      | Found a one-way gate to the infinite horrors of the Abyss.
  2379 | D:3      | Noticed Teivard's ghost (amateur HuSk)
  2389 | D:3      | Found a transporter.
  2439 | D:3      | Noticed a toenail golem
  2754 | D:4      | Slain by an orc priest

Illustrated notes

Levels and vault maps discovered:
D:1:      dpeg_arrival_water_altar, layout_basic, lemuel_flame_loot_1
D:2:      layout_loops_ring
D:3:      layout_rooms, nicolae_gozag_cash_rules_everything_around_me,
          lemuel_blue_sif_altar, gammafunk_ghost_abyssal_escape,
          chequers_decorated_corner, minmay_three_crescents
D:4:      layout_loops_corners, kennysheep_okawaru_gauntlet,
          nicolae_dithmenos_shadow_blocks, uniq_duvessa

Skill      XL: |  1  2  3  4 |
---------------+-------------+-----
Conjurations   | 1 2 3 4 |  4.2
Dodging        | |  1.7
Stealth        | |  2.4
Spellcasting   | |  3.2
Summonings     | |  1.0
Translocations | |  0.8

Action                   |  1- 3 |  4- 6 || total
-------------------------+-------+-------++-------
Melee: Club              |     4 |       ||     4
 Fire: Hunting sling     |     5 |    39 ||    44
 Cast: Magic Dart        |    57 |    43 ||   100
 Abil: Dig               |     1 |       ||     1
  Eat: Chunk             |     3 |     2 ||     5
Armor: Robe              |     2 |     2 ||     4
Dodge: Dodged            |     9 |    12 ||    21
